 Dungeon Crawl Stone Soup version 0.31-a0-339-gda1cbd555d (webtiles) character file.

Game seed: 4143652649073602817

876 Newt the Trooper (level 7, -1/57 HPs)
             Began as a Demonspawn Gladiator on July 20, 2023.
             Was an Initiate of Gozag.
             Killed from afar by a gargoyle (16 damage)
             ... with a stone arrow
             ... on level 7 of the Dungeon.
             The game lasted 00:04:07 (4073 turns).

Newt the Trooper (Demonspawn Gladiator)             Turns: 4073, Time: 00:04:07

Health: -1/57      AC: 10    Str: 16    XL:     7   Next: 74%
Magic:  7/7        EV: 13    Int: 10    God:    Gozag
Gold:   154        SH:  0    Dex: 14    Spells: 6/6 levels left

rFire   + . .        e - +5 flail
rCold   . . .        (no shield)
rNeg    . . .        h - +2 leather armour {rF+}
rPois   .            c - +0 helmet
rElec   .            t - +0 cloak
rCorr   .            (no gloves)
SInv    .            s - +0 pair of boots
Will    .....        (no amulet)
Stlth   +            (no ring)
HPRegen 0.29/turn    (no ring)
MPRegen 0.10/turn

%: no passive effects
@: no status effects
A: thin metallic scales 1, powered by death 1, demonic magic 1
a: Renounce Religion, Potion Petition, Call Merchant, Bribe Branch


You were on level 7 of the Dungeon.
You worshipped Gozag.
Gozag was aware of your devotion.
You visited 1 branch of the dungeon, and saw 5 of its levels.

You collected 203 gold pieces.
You paid 49 gold pieces to Gozag.

Inventory:

Hand Weapons
 a - a +1 rapier
 e - a +5 flail (weapon)
 k - a +0 hand axe of flaming
 m - a +0 spear
Missiles
 u - 4 javelins
Armour
 b - a +0 leather armour
 c - a +0 helmet (worn)
 h - a +2 leather armour of fire resistance (worn)
 s - a +0 pair of boots (worn)
 t - a +0 cloak (worn)
Wands
 j - a wand of flame (19)
Scrolls
 f - 2 scrolls of immolation
 l - 2 scrolls of poison
 n - a scroll of teleportation
 q - a scroll of brand weapon
Potions
 d - a potion of enlightenment
 g - a potion of invisibility
 i - 2 potions of berserk rage
 o - a potion of lignification
 r - a potion of haste {unknown}
 v - a potion of heal wounds {unknown}


   Skills:
 - Level 5.9 Fighting
 - Level 2.6 Short Blades
 - Level 5.0(5.1) Axes
 + Level 1.3(3.3) Maces & Flails
 - Level 1.7 Throwing
 - Level 4.0 Dodging


You had 6 spell levels left.
You didn't know any spells.
Your spell library contained the following spells:

 Spells                   Type           Power      Damage    Failure   Level
 Sublimation of Blood     Necr           0%         N/A       56%         2
 Wereblood                Tmut           0%         N/A       56%         2
 Summon Hydra             Summ           0%         N/A       100%        7


Dungeon Overview and Level Annotations

Branches:
Dungeon (4/15)
 Temple: D:4-7

Altars:
Gozag


Innate Abilities, Weirdness & Mutations

You are partially covered in thin metallic scales. (AC +2)
You regenerate a little health from kills.
Spells you cast may paralyse adjacent enemies.


Message History

You see here a +0 club.
You now have 148 gold pieces (gained 8).
l - 2 scrolls of poison (gained 1)
You now have 154 gold pieces (gained 6).
A sourceless malevolence fills the Dungeon...
You fall into a shaft and drop 3 floors!
The shaft crumbles and collapses.
You hear the roar of battle.
There is an entrance to a bailey on this level.
Hurry and find it before the portal closes forever!
As you read the scroll of identify, it crumbles to dust.
d - a potion of enlightenment You open the door.
A gargoyle comes into view. It is wielding a +0 dire flail.
Found a stone staircase leading up.
You hit the gargoyle.
The gargoyle is lightly damaged.
The gargoyle hurls a stone arrow at you.
The stone arrow hits you!
You hit the gargoyle but do no damage.
The gargoyle is lightly damaged.
The gargoyle barely misses you.
You hit the gargoyle.
The gargoyle is moderately damaged.
The gargoyle closely misses you.
You sock the gargoyle!
The gargoyle is heavily damaged.
The gargoyle hits you with a +0 dire flail!!
The gargoyle hits you with a +0 dire flail!
* * * LOW HITPOINT WARNING * * *
You are too injured to fight recklessly!
Unknown command.
You barely miss the gargoyle.
The gargoyle is heavily damaged.
The gargoyle completely misses you.
You hit the gargoyle.
The gargoyle is almost destroyed.
The gargoyle hurls a stone arrow at you.
The stone arrow hits you!
You die...
Your body crumbles into a pile of gold.

. ##...
####......
#.@9.....<
#.##......
#.## ####.
#..# ##.#
#.# #.#
#.# #.#


You could see a gargoyle.

Vanquished Creatures
  A black bear (D:4)
  An ogre (D:4)
  A phantom (D:4)
  5 wights (D:4)
  2 howler monkeys (D:4)
  A jelly (D:4)
  Crazy Yiuf (D:4)
  Natasha (thrice) (D:4)
  2 hound skeletons (D:3)
  3 adders (D:3)
  3 gnolls (D:4)
  3 worms
  2 dart slugs
  An orc (D:3)
  11 endoplasms
  2 giant cockroaches
  6 goblins
  5 hobgoblins
  3 jackals (D:2)
  3 quokkas
  8 ball pythons
  5 bats
  3 frilled lizards
  A jackal zombie (D:3)
  3 kobolds
  4 rats
83 creatures vanquished.

Notes
Turn   | Place    | Note
-------+----------+-------------------------------------------
     0 | D:1      | Newt the Demonspawn Gladiator began the quest for the Orb.
     0 | D:1      | Reached XP level 1. HP: 16/16 MP: 1/1
   268 | D:1      | Gained mutation: You are partially covered in thin metallic
                  | scales. (AC +2) [demonic ancestry]
   268 | D:1      | Reached XP level 2. HP: 21/23 MP: 2/2
   929 | D:2      | Reached XP level 3. HP: 27/29 MP: 3/3
  1772 | D:3      | Reached skill level 1 in Axes
  1779 | D:3      | Gained mutation: Spells you cast may paralyse adjacent
                  | enemies. [demonic ancestry]
  1779 | D:3      | Reached XP level 4. HP: 30/37 MP: 4/4
  2563 | D:4      | Reached XP level 5. HP: 36/42 MP: 5/5
  2584 | D:4      | Noticed an ogre
  2590 | D:4      | Noticed a black bear
  2597 | D:4      | HP: 2/42 [ogre/+0 giant club (17)]
  2600 | D:4      | Killed an ogre
  2610 | D:4      | Killed a black bear
  2611 | D:4      | Gained mutation: You regenerate a little health from kills.
                  | [demonic ancestry]
  2611 | D:4      | Reached XP level 6. HP: 12/48 MP: 6/6
  2704 | D:4      | Noticed Natasha
  2717 | D:4      | Killed Natasha
  2718 | D:4      | Reached skill level 5 in Axes
  2825 | D:4      | Noticed Natasha
  2835 | D:4      | Killed Natasha
  2908 | D:4      | Reached XP level 7. HP: 38/54 MP: 7/7
  2949 | D:4      | Noticed Natasha
  2959 | D:4      | Killed Natasha
  2968 | D:4      | HP: 2/49 [wight/+5 dagger (3)]
  3301 | D:4      | Found an opulent altar of Gozag.
  3474 | D:4      | Became a worshipper of Gozag Ym Sagoz the Greedy
  3553 | D:4      | Found a runed translucent door.
  3559 | D:4      | Noticed Crazy Yiuf
  3567 | D:4      | Killed Crazy Yiuf
  3659 | D:4      | Reached skill level 5 in Fighting
  3999 | D:4      | Reached skill level 1 in Maces & Flails
  4057 | D:4      | You fall into a shaft and drop 3 floors!
  4067 | D:7      | Noticed a gargoyle
  4073 | D:7      | Killed from afar by a gargoyle

Illustrated notes

Levels and vault maps discovered:
D:1:      dpeg_arrival_arbitrary_b, layout_loops_corners
D:2:      layout_loops_ring, kennysheep_path_1, st_stairs_8
D:3:      layout_loops_ring, serial_undead, serial_undead_b, serial_undead_e,
          serial_undead_b, serial_undead_e, serial_undead_b, serial_undead_e
D:4:      layout_loops_cross, grunt_gozag_breadcrumbs,
          minmay_temple_entry_poolview, uniq_blork_the_orc, uniq_natasha,
          uniq_crazy_yiuf_cottage
D:7:      gammafunk_steamed_eel, layout_basic, nicolae_ashenzari_skybound,
          enter_bailey_5, kennysheep_small_spiral, st_stairs_10, uniq_maggie

Skill      XL: |  1  2  3  4  5  6  7 |
---------------+----------------------+-----
Fighting       | 3 4 5 |  5.9
Axes           | 1 3 4 5 |  5.0
Dodging        | 4 |  4.0
Maces & Flails | 1 |  1.3
Short Blades   | |  2.6
Throwing       | |  1.7

Action                     |  1- 3 |  4- 6 |  7- 9 || total
---------------------------+-------+-------+-------++-------
  Melee: Rapier            |   107 |       |       ||   107
         Hand axe          |    41 |   125 |    28 ||   194
         Punch             |     1 |       |     1 ||     2
         Flail             |       |       |    10 ||    10
  Throw: Throwing net      |       |     3 |     1 ||     4
         Javelin           |       |       |     4 ||     4
  Evoke: Wand              |       |       |     3 ||     3
    Use: Scroll            |     7 |     3 |     2 ||    12
         Potion            |       |     1 |       ||     1
   Stab: Sleeping          |     2 |       |       ||     2
         Held in net/web   |       |     2 |       ||     2
 Armour: Leather armour    |    53 |    38 |     7 ||    98
  Dodge: Dodged            |   127 |    64 |    21 ||   212

Table legend: (Time is in decaauts)
 A = Elapsed time spent in this place.
 B = Non-inter-level travel time spent in this place.
 C = Inter-level travel time spent in this place.
 D = Time resting spent in this place.
 E = Time spent auto-exploring this place.
 F = Levels seen in this place.
 G = Mean time per level.
                   A        B        C        D        E       F      G
               +--------+--------+--------+--------+--------+-----+--------+
         Total |   4116 |   3950 |    166 |    856 |   2399 |   5 |  823.2 |
       Dungeon |   4116 |   3950 |    166 |    856 |   2399 |   5 |  823.2 |
               +--------+--------+--------+--------+--------+-----+--------+

Top non-repeatable levels by time:
     D:4: 1252 daAuts
     D:3: 1121 daAuts
     D:2: 867 daAuts
     D:1: 858 daAuts
     D:7: 17 daAuts
